 Dungeon Crawl Stone Soup version 0.24-a0-521-g122614bf49 (webtiles) character file.

Game seed: 12831711111930612129

4 Peloso the Skirmisher (level 1, -1/20 HPs)
             Began as a Minotaur Fighter on July 28, 2019.
             Slain by a worm (9 damage)
             ... on level 3 of the Dungeon.
             The game lasted 00:00:41 (344 turns).

Peloso the Skirmisher (Minotaur Fighter)             Turns: 344, Time: 00:00:42

Health: -1/20      AC:  7    Str: 20    XL:     1   Next: 50%
Magic:  0/0        EV:  7    Int:  5    God:
Gold:   14         SH:  9    Dex:  9    Spells: 0/0 levels left

rFire    . . .     SeeInvis .   a - +0 rapier
rCold    . . .     Gourm    .   c - +0 shield
rNeg     . . .     Faith    .   b - +0 scale mail
rPois    .         Spirit   .   (helmet restricted)
rElec    .         Reflect  .   (no cloak)
rCorr    .         Harm     .   (no gloves)
MR       .....                  (no boots)
Stlth    ..........             (no amulet)
HPRegen  0.06/turn              (no ring)
MPRegen  0.07/turn              (no ring)

@: no status effects
A: retaliatory headbutt, horns 2
a: no special abilities


You were on level 3 of the Dungeon.
You were not hungry.

You visited 1 branch of the dungeon, and saw 3 of its levels.

You collected 14 gold pieces.

Inventory:

Hand Weapons
 a - a +0 rapier (weapon)
Armour
 b - a +0 scale mail (worn)
 c - a +0 shield (worn)
Scrolls
 g - a scroll of remove curse {unknown}
 h - a scroll of noise {unknown}
Potions
 d - a potion of might
 e - a potion of lignification {unknown}
 i - a potion of brilliance {unknown}
Comestibles
 f - 2 rations


   Skills:
 + Level 3.7 Fighting
 + Level 2.2 Short Blades
 + Level 3.7 Armour
 + Level 3.7 Shields


You couldn't memorise any spells.
You didn't know any spells.
Your spell library was empty.

Dungeon Overview and Level Annotations

Branches:
Dungeon (3/15)

Altars:


Innate Abilities, Weirdness & Mutations

You reflexively headbutt those who attack you in melee.
You have a pair of horns on your head.


Message History

The worm bites you. You block the worm's attack. The worm closely misses you.
The worm closely misses you. You block the worm's attack.
You block the worm's attack. You block the worm's attack.
The worm bites you but does no damage. The worm bites you. The worm bites you.
The worm bites you but does no damage. The worm bites you but does no damage.
You block the worm's attack. The worm bites you. You block the worm's attack.
The worm bites you but does no damage. The worm bites you but does no damage.
The worm barely misses you. You furiously retaliate!
You headbutt the worm. The worm bites you!
You die...

≈≈≈≈≈≈≈≈≈≈≈♣###.#
≈≈≈P≈♣≈≈≈≈P♣###.#
≈≈≈≈≈≈P≈♣≈♣##.#.#
≈≈≈≈≈≈≈≈♣♣...#..#
≈≈P♣≈P≈≈P..##.#.# #
≈≈≈≈♣P♣####.#.##.###.#
≈♣≈♣. ...............#
.. #.###.#.##.##### #.
#.....@.# # #
#.###w### #.# #. #. #.
#. .#


You could see a worm.

Vanquished Creatures
  A bat (D:1)
  A giant cockroach (D:2)
  A hobgoblin (D:2)
3 creatures vanquished.

Notes
Turn   | Place    | Note
-------+----------+-------------------------------------------
     0 | D:1      | Peloso the Minotaur Fighter began the quest for the Orb.
     0 | D:1      | Reached XP level 1. HP: 19/19 MP: 0/0
   238 | D:2      | You fall into a shaft and drop 1 floor!
   344 | D:3      | Slain by a worm

Levels and vault maps discovered:
D:1:      lemuel_arrival_behind_the_door_large, layout_basic,
          serial_co_window_serial, co_window_of_opportunity_a,
          co_window_paths_b, co_window_paths_a, co_window_corner_a,
          co_window_corner_a, co_window_corner_a, co_window_paths_a,
          co_window_unsneaky_path_a, co_window_broadway_b, co_window_broadway_b,
          co_window_of_opportunity_c, co_window_broadway_c, glass_columns_c,
          glass_columns_a, glass_columns_b, glass_columns_a,
          kennysheep_minor_cross
D:2:      layout_basic
D:3:      layout_loops_ring, serial_bayou_lake_a

Action                   || total
-------------------------++-------
Melee: Rapier            ||     5
       Headbutt          ||     1
Armor: Scale mail        ||     9
Dodge: Dodged            ||     5
Block: Shield            ||    10

Table legend:
 A = Non-vault XP
 B = Vault XP
 C = Vault XP percentage of total XP
 D = Non-vault monster count
 E = Vault monster count
 F = Vault count percentage of total count
                 A         B        C        D         E       F
            +---------+---------+-------+---------+---------+-------
      Total |       6 |       0 |   0.0 |       3 |       0 |   0.0
            +---------+---------+-------+---------+---------+-------
        D:1 |       2 |       0 |   0.0 |       1 |       0 |   0.0
        D:2 |       4 |       0 |   0.0 |       2 |       0 |   0.0
            +---------+---------+-------+---------+---------+-------
